 Dungeon Crawl Stone Soup version 0.24.1-14-gf8d2b509d9 (webtiles) character file.

Game seed: 6391003663824155523, levelgen mode: deterministic

75 lepoulpe303 the Sneak (level 4, -3/21 HPs)
             Began as a Spriggan Enchanter on May 22, 2020.
             Killed from afar by Ijyb (10 damage)
             ... with a burst of metal fragments
             ... on level 3 of the Dungeon.
             The game lasted 00:07:06 (2826 turns).

lepoulpe303 the Sneak (Spriggan Enchanter)          Turns: 2826, Time: 00:07:07

Health: -3/21      AC:  2    Str:  4    XL:     4   Next: 11%
Magic:  6/9        EV: 18    Int: 17    God:
Gold:   93         SH:  0    Dex: 16    Spells: 2/8 levels left

rFire    . . .     SeeInvis +   a - +1 dagger
rCold    . . .     Gourm    .   (shield restricted)
rNeg     . . .     Faith    .   b - +0 robe
rPois    .         Spirit   .   (helmet restricted)
rElec    .         Reflect  .   (no cloak)
rCorr    .         Harm     .   (gloves unavailable)
MR       .....                  (boots unavailable)
Stlth    +++.......             (no amulet)
HPRegen  0.07/turn              (no ring)
MPRegen  0.11/turn              (no ring)

@: very quick
A: very small, unfitting armour, see invisible, herbivore, speed 3, slow
metabolism 2
a: no special abilities


You were on level 3 of the Dungeon.
You were not hungry.

You visited 1 branch of the dungeon, and saw 3 of its levels.

You collected 93 gold pieces.

Inventory:

Hand Weapons
 a - a +1 dagger (weapon)
Armour
 b - a +0 robe (worn)
Jewellery
 d - an uncursed ring of flight {unknown}
Wands
 h - a wand of polymorph (2)
Scrolls
 f - a scroll of identify {unknown}
 g - 3 scrolls of teleportation {unknown}
 i - a scroll of random uselessness {unknown}
Potions
 c - a potion of heal wounds {unknown}
Comestibles
 e - 3 rations


   Skills:
 + Level 3.2 Short Blades
 - Level 3.0 Dodging
 + Level 6.2 Stealth
 - Level 2.6 Spellcasting
 - Level 3.6 Hexes


You had 2 spell levels left.
You knew the following spells:

 Your Spells              Type           Power        Failure   Level  Hunger
a - Ensorcelled Hibernat  Hex/Ice        #.....       13%         2    ##.....
c - Confuse               Hex            ##......     12%         3    ###....
v - Corona                Hex            ##.....      4%          1    #......

Your spell library contained the following spells:

 Spells                   Type           Power        Failure   Level  Hunger
 Confusing Touch          Hex            ##....       4%          1    #......
 Animate Skeleton         Necr           N/A          19%         1    #......
 Apportation              Tloc           #.....       19%         1    #......
 Summon Small Mammal      Summ           #...         19%         1    #......
 Tukima's Dance           Hex            ##......     12%         3    ###....
 Dazzling Spray           Conj/Hex       #.....       26%         3    ###....


Dungeon Overview and Level Annotations

Branches:
Dungeon (3/15)

Altars:

Annotations:
D:3 Ijyb


Innate Abilities, Weirdness & Mutations

You are very small and have problems with some larger weapons.
You are too small for most types of armour.
You have supernaturally acute eyesight. (SInv)
You are a herbivore.
You cover ground extremely quickly.
You need to consume almost no food.


Message History

You kill the worm!
g - 3 scrolls labeled WESEASCHO RUAS (gained 1)
Found a stone staircase leading up.
Ijyb the Twisted Goblin comes into view.
She is carrying a wand of scattershot (7).
Ijyb shouts!
Ijyb zaps a wand.
The burst of metal fragments misses you. x2
The burst of metal fragments hits you.
The burst of metal fragments misses you. x2
The burst of metal fragments hits you!
* * * LOW HITPOINT WARNING * * *
The burst of metal fragments misses you. x2
You take 14 damage, and have 7/21 hp.
MASSIVE DAMAGE!!
Aim: Ijyb, wearing a +0 scale mail and carrying a wand of scattershot (6) (chance to defeat MR: 53%) Ijyb resists with significant effort.
Ijyb zaps a wand.
The burst of metal fragments misses you.
The burst of metal fragments hits you!
You die...

### (. ###.# ##.#.# ##....#
##....<####### #.?.g........#
#..@..# #.# .# ######....# #.#
.. ##### #.......#.# #.# .###
####...###.#######.# #.# ...
.....#.....# #.#####.###.#
####...###.# #.........†.#
#.......# #######....##
#.##.##.################.#####
#.##.†.......)..............†.


You could see Ijyb.

Levels and vault maps discovered:
D:1:      scummos_arrival_simple_crosswalls, layout_basic
D:2:      layout_rooms
D:3:      layout_loops_ring, chequers_ecumenical_altar_simple, uniq_ijyb,
          uniq_natasha

Notes
Turn   | Place    | Note
-------+----------+-------------------------------------------
     0 | D:1      | lepoulpe303 the Spriggan Enchanter began the quest for the
                  | Orb.
     0 | D:1      | Reached XP level 1. HP: 9/9 MP: 5/5
   187 | D:1      | Identified a +0 whip
   289 | D:1      | Identified a +0 club
   293 | D:1      | Identified a +0 short sword
   309 | D:1      | Reached XP level 2. HP: 6/13 MP: 6/6
   364 | D:1      | HP: 2/13 [kobold/+0 short sword (5)]
   371 | D:1      | Reached skill level 5 in Stealth
   376 | D:1      | Learned a level 2 spell: Ensorcelled Hibernation
   673 | D:1      | Identified a +0 dagger
   688 | D:1      | Reached skill level 2 in Short Blades
   958 | D:2      | Identified a +0 club
  1062 | D:2      | Reached XP level 3. HP: 5/16 MP: 8/8
  1067 | D:2      | Learned a level 3 spell: Confuse
  1551 | D:2      | Identified a +0 club
  1551 | D:2      | Identified a +0 club
  1726 | D:2      | Identified a +0 ring mail
  1957 | D:2      | Noticed a bullfrog
  1959 | D:2      | Noticed a crocodile
  1959 | D:2      | a bullfrog changed into a crocodile
  1979 | D:1      | HP: 3/16 [crocodile (10)]
  2321 | D:2      | Reached skill level 6 in Stealth
  2322 | D:2      | Identified a +0 club
  2522 | D:2      | Reached skill level 3 in Short Blades
  2650 | D:3      | Reached XP level 4. HP: 21/21 MP: 9/9
  2689 | D:3      | Identified a cursed -1 whip
  2823 | D:3      | Identified a +0 scale mail
  2823 | D:3      | Noticed Ijyb
  2826 | D:3      | Killed from afar by Ijyb

Table legend:
 A = Turns spent in this place as a percentage of turns spent in the entire game.
 B = Non-inter-level travel turns spent in this place as a percentage of non-inter-level travel turns spent in the entire game.
 C = Inter-level travel turns spent in this place as a percentage of turns spent in this place.
 D = Turns resting spent in this place as a percentage of non-inter-level travel turns spent in this place.
 E = Turns spent auto-exploring this place as a percentage of non-inter-level travel turns spent in this place.
 F = Non-inter-level travel turns spent in this place divided by the number of levels of this place that you've seen.
                   A       B       C       D       E      F
               +-------+-------+-------+-------+-------+----------------------
         Total | 100.0 | 100.0 |   1.7 |  48.3 |  28.4 | 926.3
       Dungeon | 100.0 | 100.0 |   1.7 |  48.3 |  28.4 | 926.3
               +-------+-------+-------+-------+-------+----------------------

Table legend:
 A = Kills in this place as a percentage of kills in entire the game.
 B = Kills by you in this place as a percentage of kills by you in the entire game.
 C = Kills by friends in this place as a percentage of kills by friends in the entire game.
 D = Other kills in this place as a percentage of other kills in the entire game.
 E = Experience gained in this place as a percentage of experience gained in the entire game.
 F = Experience gained in this place divided by the number of levels of this place that you have seen.
                   A       B       C       D       E      F
               +-------+-------+-------+-------+-------+----------------------
         Total | 100.0 | 100.0 |   N/A |   N/A | 100.0 |  36.0
       Dungeon | 100.0 | 100.0 |   N/A |   N/A | 100.0 |  36.0
               +-------+-------+-------+-------+-------+----------------------

Skill      XL: |  1  2  3 |
---------------+----------+-----
Stealth        | 5 6 |  6.2
Short Blades   | 2 3 |  3.2
Dodging        | |  3.0
Spellcasting   | |  2.6
Hexes          | |  3.6

Action                   |  1- 3 |  4- 6 || total
-------------------------+-------+-------++-------
Melee: Dagger            |   192 |    19 ||   211
 Cast: Corona            |     3 |       ||     3
       Confuse           |     1 |     1 ||     2
       Ensorcelled Hiber |     1 |       ||     1
Evoke: Wand              |     4 |       ||     4
 Stab: Sleeping          |     8 |     1 ||     9
Armor: Robe              |    17 |       ||    17
Dodge: Dodged            |   118 |    23 ||   141

Vanquished Creatures
  2 adders
  An ooze (D:2)
  A worm (D:3)
  2 dart slugs (D:2)
  4 leopard geckos
  6 goblins
  5 hobgoblins
  A quokka (D:2)
  7 bats
  2 frilled lizards
  7 kobolds
  4 rats (D:2)
42 creatures vanquished.
